 Dungeon Crawl Stone Soup version 0.21-a0-258-g4c0eb85 (webtiles) character file.

14 Gorice the Cudgeler (level 2, -1/37 HPs)
             Began as a Gnoll Berserker on Sept 6, 2017.
             Was a Follower of Trog.
             Slain by a jackal (3 damage)
             ... on level 1 of the Dungeon.
             The game lasted 00:00:59 (576 turns).

Gorice the Cudgeler (Gnoll Berserker)                Turns: 576, Time: 00:01:00

Health: -1/37      AC:  2    Str:  7    XL:     2   Next: 41%
Magic:  2/2        EV: 12    Int:  7    God:    Trog [*.....]
Gold:   9          SH:  0    Dex:  7    Spells: 1/1 levels left

rFire    . . .     SeeInvis .   a - +0 mace
rCold    . . .     Gourm    .   (no shield)
rNeg     . . .     Faith    .   b - +0 animal skin
rPois    .         Spirit   .   (no helmet)
rElec    .         Reflect  .   (no cloak)
rCorr    .         Harm     .   (no gloves)
MR       .....                  (no boots)
Stlth    ..........             (no amulet)
HPRegen  0.12/turn              (no ring)
MPRegen  0.08/turn              (no ring)

@: berserking (expiring), very quick
A: unchanging attributes, fangs 1, strong nose
a: Berserk, Burn Spellbooks, Renounce Religion


You were on level 1 of the Dungeon.
You worshipped Trog.
Trog was aware of your devotion.
You were not hungry.

You visited 1 branch of the dungeon, and saw 1 of its levels.

You collected 9 gold pieces.

Inventory:

Hand Weapons
 a - a +0 mace (weapon)
Missiles
 Z - 18 stones (quivered)
Armour
 b - a +0 animal skin (worn)
Comestibles
 c - a bread ration {!e}


   Skills:
 - Level 4.0 Fighting
 * Level 5.0 Maces & Flails
 - Level 2.6 Armour
 - Level 2.6 Dodging


You had one spell level left.
You didn't know any spells.

Dungeon Overview and Level Annotations

Branches:
Dungeon (1/15)

Altars:


Innate Abilities, Weirdness & Mutations

Your physical attributes are unchanging.
You have very sharp teeth.
Your uncanny sense of smell can sniff out nearby items.


Message History

The jackal closely misses you. The jackal bites you.
* * * LOW HITPOINT WARNING * * *
The jackal closely misses you.
Damage: 7 (max 7)
The jackal bites you.
* * * LOW HITPOINT WARNING * * *
Damage: 2 (max 7)
The jackal barely misses you. The jackal closely misses you.
The jackal bites you.
* * * LOW HITPOINT WARNING * * *
Damage: 1 (max 7)
A red film seems to cover your vision as you go berserk!
You feel yourself moving faster!
You feel mighty!
You feel a lot more hungry. The jackal bites you.
* * * LOW HITPOINT WARNING * * *
You closely miss the jackal.
The jackal bites you but does no damage.
You barely miss the jackal. Your bite misses the jackal.
The jackal closely misses you.
You sock the jackal!
You kill the jackal!
Trog accepts your kill.
You barely miss the jackal.
The jackal is heavily wounded.
The jackal bites you but does no damage.
You closely miss the jackal. Your bite misses the jackal.
The jackal is heavily wounded.
The jackal misses you.
You closely miss the jackal.
The jackal is heavily wounded.
The jackal barely misses you.
You barely miss the jackal.
The jackal is heavily wounded.
The jackal bites you.
* * * LOW HITPOINT WARNING * * *
The jackal closely misses you.
Damage: 2 (max 7)
You closely miss the jackal.
The jackal is heavily wounded.
The jackal barely misses you.
You hit the jackal.
You kill the jackal!
Trog accepts your kill.
Your Maces & Flails skill increases to level 5!
You closely miss the jackal. The jackal bites you.
* * * LOW HITPOINT WARNING * * *
Damage: 2 (max 7)
You miss the jackal. The jackal bites you.
You die...

#.###.###.###.# .....?.#.##..
.#.##.##.## #.#.##....>.....#
###.#.#.#####...............#
####...###....#.##..........#
......## #...............†..+
#####'####.##.#.##..........#
............................#
#############.########...####
.....).....@h...#h..#
########.######.#...#
#............#
########.#...## ##......#
##.......# #........#
#........# #........#


You could see a jackal.

Vanquished Creatures
  A dart slug (D:1)
  2 goblins (D:1)
  3 jackals (D:1)
  A bat (D:1)
  2 frilled lizards (D:1)
  3 rats (D:1)
12 creatures vanquished.

Notes
Turn   | Place    | Note
-------+----------+-------------------------------------------
     0 | D:1      | Gorice the Gnoll Berserker began the quest for the Orb.
     0 | D:1      | Reached XP level 1. HP: 19/19 MP: 1/1
   495 | D:1      | Reached XP level 2. HP: 25/25 MP: 2/2
   553 | D:1      | HP: 6/25 [jackal (2)]
   564 | D:1      | HP: 4/25 [jackal (1)]
   572 | D:1      | HP: 3/37 [jackal (2)]
   574 | D:1      | Reached skill level 5 in Maces & Flails
   575 | D:1      | HP: 1/37 [jackal (2)]
   576 | D:1      | Slain by a jackal

Vault maps used:
D:1:      roderic_octagonal_star, serial_park_tiny_1, minmay_vboxes

Skill      XL: |  1  2 |
---------------+-------+-----
Maces & Flails | 5 |  5.0
Fighting       | |  4.0
Armour         | |  2.6
Dodging        | |  2.6

Action                   || total
-------------------------++-------
Melee: Mace              ||    55
       Bite              ||     2
Invok: Berserk           ||     1
Armor: Animal skin       ||    19
Dodge: Dodged            ||    38

Table legend:
 A = Spawn XP
 B = Non-spawn XP
 C = Spawn XP percentage of total XP
 D = Spawn monster count
 E = Non-spawn monster count
 F = Spawn count percentage of total count
 G = Total turns spent on level
                    A         B        C        D         E        F      G
               +---------+---------+-------+---------+---------+-------+---------
         Total |       0 |      20 |   0.0 |       0 |      12 |   0.0 |   576
               +---------+---------+-------+---------+---------+-------+---------
           D:1 |       0 |      20 |   0.0 |       0 |      12 |   0.0 |   576
               +---------+---------+-------+---------+---------+-------+---------

Table legend:
 A = Turns spent in this place as a percentage of turns spent in the entire game.
 B = Non-inter-level travel turns spent in this place as a percentage of non-inter-level travel turns spent in the entire game.
 C = Inter-level travel turns spent in this place as a percentage of turns spent in this place.
 D = Turns resting spent in this place as a percentage of non-inter-level travel turns spent in this place.
 E = Turns spent auto-exploring this place as a percentage of non-inter-level travel turns spent in this place.
 F = Non-inter-level travel turns spent in this place divided by the number of levels of this place that you've seen.
                   A       B       C       D       E      F
               +-------+-------+-------+-------+-------+----------------------
         Total | 100.0 | 100.0 |   0.0 |  51.2 |  25.0 | 576.0
       Dungeon | 100.0 | 100.0 |   0.0 |  51.2 |  25.0 | 576.0
               +-------+-------+-------+-------+-------+----------------------

Vault maps used:
D:1:      roderic_octagonal_star, serial_park_tiny_1, minmay_vboxes
